 Dungeon Crawl Stone Soup version 0.30-b1-2-g02819fbbbe (webtiles) character file.

Game seed: 14711962672091014027

77 loralnil the Insei (level 4, -2/36 HPs)
             Began as a Draconian Transmuter on Dec 12, 2023.
             Slain by a black bear (7 damage)
             ... on level 3 of the Dungeon.
             The game lasted 00:02:40 (1762 turns).

loralnil the Insei (Draconian Transmuter)           Turns: 1762, Time: 00:02:40

Health: -2/36      AC:  5    Str: 12    XL:     4   Next: 14%
Magic:  7/7        EV: 13    Int: 13    God:
Gold:   161        SH:  0    Dex: 20    Spells: 7/8 levels left

rFire   . .          .
                       - Unarmed
rCold   . . .        (no shield)
rNeg    . . .        (body armour unavailable)
rPois   .            (helmet currently unavailable)
rElec   .            (no cloak)
rCorr   .            (no gloves)
SInv    .            (boots currently unavailable)
Will    .....        (no amulet)
Stlth   ++           m - +6 ring of dexterity
HPRegen 0.26/turn    (no ring)
MPRegen 0.10/turn

%: no passive effects
@: appendages (expiring)
A: horns 2, talons 2, AC +5, unfitting armour, cold-blooded
a: End Transformation


You were on level 3 of the Dungeon.
You had temporarily grown beastly horns and talons.
You visited 1 branch of the dungeon, and saw 3 of its levels.

You collected 161 gold pieces.

Inventory:

Jewellery
 m - a +6 ring of dexterity (left hand)
Scrolls
 d - 2 scrolls of fear {unknown}
 e - a scroll of fog {unknown}
 g - a scroll of vulnerability {unknown}
 h - a scroll of teleportation {unknown}
 i - 2 scrolls of identify {unknown}
Potions
 a - a potion of lignification
 b - a potion of heal wounds {unknown}
 c - 3 potions of berserk rage {unknown}
 f - 2 potions of curing {unknown}
 j - a potion of ambrosia {unknown}
 k - 2 potions of haste {unknown}
 l - 2 potions of invisibility {unknown}


   Skills:
 + Level 2.1 Fighting
 + Level 2.3 Dodging
 + Level 3.5 Unarmed Combat
 + Level 2.5 Spellcasting
 + Level 2.6 Transmutations


You had 7 spell levels left.
You knew the following spells:

 Your Spells              Type           Power      Damage    Failure   Level
a - Beastly Appendage     Tmut           16%        N/A       9%          1

Your spell library contained the following spells:

 Spells                   Type           Power      Damage    Failure   Level
 Wereblood                Tmut           8%         N/A       13%         2
 Spider Form              Tmut/Pois      5%         N/A       38%         3
 Stone Arrow              Conj/Erth      2%         3d7       58%         3
 Ice Form                 Ice/Tmut       5%         N/A       80%         4
 Lehudib's Crystal Spear  Conj/Erth      0%         10d2      100%        8
 Animate Armour           Summ/Erth      Unusable   N/A       N/A         4

Dungeon Overview and Level Annotations

Branches:
Dungeon (3/15)

Altars:
Makhleb


Innate Abilities, Weirdness & Mutations

You have temporarily grown beastly horns and talons.
Your plain brown scales are hard. (AC +5)
You cannot fit into any form of body armour.
You are cold-blooded and may be slowed by cold attacks.


Message History

The black bear claws you but does no damage.
The black bear closely misses you.
You barely miss the black bear. You claw the black bear.
You tail-slap the black bear.
The black bear is severely wounded.
You hit the black bear but do no damage.
The black bear is severely wounded.
The black bear goes berserk!
You hit the black bear. You claw the black bear.
The black bear is severely wounded.
The black bear bites you. The black bear claws you. The black bear misses you.
The black bear bites you but does no damage.
The black bear claws you but does no damage.
The black bear claws you.
You closely miss the black bear.
Your tail-slap misses the black bear.
The black bear is severely wounded.
The black bear bites you but does no damage.
The black bear misses you.
The black bear claws you but does no damage.
You hit the black bear but do no damage.
Your kick misses the black bear.
The black bear is severely wounded.
The black bear bites you! The black bear closely misses you.
The black bear claws you but does no damage.
The black bear barely misses you. The black bear misses you.
The black bear claws you but does no damage.
You closely miss the black bear.
The black bear is severely wounded.
The black bear barely misses you.
The black bear claws you but does no damage. x2
You closely miss the black bear. You claw the black bear.
You headbutt the black bear.
The black bear is almost dead.
Your transformation is almost over.
The black bear bites you!
* * * LOW HITPOINT WARNING * * *
The black bear claws you but does no damage.
The black bear barely misses you. The black bear bites you!
You die...

##### ##...
#... #..# #h.#
#@.# #..#
#..#####.
###........#
####...########
##....####
##........#
##..###..#.#
#.#.###....###


You could see a black bear (berserk).

Vanquished Creatures
  2 adders (D:2)
  3 dart slugs
  5 bats (D:2)
  4 endoplasms
  2 giant cockroaches
  7 hobgoblins
  4 jackals (D:3)
  5 kobolds
  2 quokkas
  5 ball pythons
  2 frilled lizards (D:2)
  3 goblins
  2 rats (D:2)
46 creatures vanquished.

Notes
Turn   | Place    | Note
-------+----------+-------------------------------------------
     0 | D:1      | loralnil the Draconian Transmuter began the quest for the
                  | Orb.
     0 | D:1      | Reached XP level 1. HP: 16/16 MP: 3/3
   682 | D:2      | Found a burning altar of Makhleb.
   690 | D:1      | Reached XP level 2. HP: 18/23 MP: 3/5
  1041 | D:2      | Reached XP level 3. HP: 22/29 MP: 6/6
  1558 | D:3      | Reached XP level 4. HP: 35/36 MP: 7/7
  1751 | D:3      | Noticed a black bear
  1762 | D:3      | Slain by a black bear

Illustrated notes

Levels and vault maps discovered:
D:1:      tarquinn_simple_flora_water_a, layout_basic
D:2:      layout_rooms, basic_altar, corexii_shack
D:3:      minmay_diamond_boxcup, layout_loops_corners, gammafunk_ghost_grave,
          kennysheep_generic_room_5

Skill      XL: |  1  2  3 |
---------------+----------+-----
Dodging        | 2 |  2.3
Fighting       | 2 |  2.1
Unarmed Combat | |  3.5
Spellcasting   | |  2.5
Transmutations | |  2.6

Action                     |  1- 3 |  4- 6 || total
---------------------------+-------+-------++-------
  Melee: Unarmed           |   100 |    33 ||   133
         Kick              |    22 |     9 ||    31
         Headbutt          |    10 |     7 ||    17
         Tailslap          |     8 |     3 ||    11
         Punch             |     2 |       ||     2
   Cast: Beastly Appendage |    23 |     4 ||    27
   Stab: Sleeping          |     2 |     1 ||     3
 Armour: Skin              |    52 |    18 ||    70
  Dodge: Dodged            |    94 |    30 ||   124
